 Dungeon Crawl Stone Soup version 0.31-a0-1178-gc5c9b8f871 (webtiles) character file.

Game seed: 3435404860311950511

66 night the Digger (level 3, -1/27 HPs)
             Began as a Demonspawn Earth Elementalist on Dec 11, 2023.
             Was a Follower of Vehumet.
             Killed from afar by Sigmund (9 damage)
             ... with a puff of flame
             ... on level 3 of the Dungeon.
             The game lasted 00:05:58 (2679 turns).

night the Digger (Demonspawn Earth Elementalist)    Turns: 2679, Time: 00:05:59

Health: -1/27      AC:  3    Str:  8    XL:     3   Next: 96%
Magic:  2/7        EV: 12    Int: 17    God:    Vehumet [*.....]
Gold:   128        SH:  0    Dex: 13    Spells: 1/7 levels left

rFire   . . .        i - +0 quarterstaff
rCold   . . .        (shield currently unavailable)
rNeg    . . .        a - +0 robe
rPois   .            m - +0 helmet
rElec   .            (no cloak)
rCorr   .            (no gloves)
SInv    .            (no boots)
Will    .....        (no amulet)
Stlth   ++           (no ring)
HPRegen 0.24/turn    (no ring)
MPRegen 0.10/turn

%: no passive effects
@: very slightly contaminated
A: powered by pain 1
a: Renounce Religion


You were on level 3 of the Dungeon.
You worshipped Vehumet.
Vehumet was aware of your devotion.
You visited 1 branch of the dungeon, and saw 3 of its levels.

You collected 128 gold pieces.

Inventory:

Hand Weapons
 i - a +0 quarterstaff (weapon)
Missiles
 f - 27 stones
 j - 6 atropa-tipped darts
Armour
 a - a +0 robe (worn)
 m - a +0 helmet (worn)
Jewellery
 n - a ring of fire
Wands
 q - a wand of polymorph (10)
 t - a wand of quicksilver (13)
Scrolls
 d - a scroll of vulnerability {unknown}
 e - 2 scrolls of fear {unknown}
 g - 3 scrolls of identify {unknown}
 k - a scroll of enchant armour {unknown}
 r - a scroll of revelation {unknown}
Potions
 b - a potion of magic
 c - a potion of might {unknown}
 h - a potion of ambrosia {unknown}
 l - a potion of degeneration {unknown}
 o - a potion of heal wounds {unknown}
 p - 4 potions of lignification {unknown}
 s - 2 potions of mutation {unknown}


   Skills:
 + Level 1.9 Fighting
 - Level 1.7 Dodging
 - Level 1.7 Stealth
 + Level 2.7 Spellcasting
 + Level 0.2 Conjurations
 - Level 0.8 Transmutations
 - Level 3.3 Earth Magic
 + Level 0.0 Poison Magic


You had one spell level left.
You knew the following spells:

 Your Spells              Type           Power      Damage    Failure   Level
a - Sandblast             Erth           26%        2d8       4%          1
b - Poisonous Vapours     Pois/Air       4%         N/A       26%         2
c - Stone Arrow           Conj/Erth      16%        3d8       26%         3

Your spell library contained the following spells:

 Spells                   Type           Power      Damage    Failure   Level
 Passwall                 Tmut/Erth      7%         N/A       12%         2
 Static Discharge         Conj/Air       4%         3-4/arc   26%         2
 Petrify                  Tmut/Erth      9%         N/A       58%         4
 Brom's Barrelling Bould  Conj/Erth      8%         2d3       65%         4
 Airstrike                Air            1%         2d(1-17)  87%         4
 Summon Lightning Spire   Summ/Air       2%         N/A       87%         4


Dungeon Overview and Level Annotations

Branches:
Dungeon (3/15)

Altars:
Vehumet

Shops:
D:2 [   D:3 [

Annotations:
D:3 3 runed translucent doors, Sigmund; hackum's ghost, amateur DgGl


Innate Abilities, Weirdness & Mutations

You sometimes gain a little power by taking damage.


Message History

s - 2 blue potions
t - a wand of quicksilver (14) Sigmund the Dreaded comes into view.
He is wielding a +0 scythe.
Casting: Poisonous Vapours (quite dangerous; 26% risk of failure)
Confirm with . or Enter, or press ? or * to list all spells.
Aiming: Poisonous Vapours (quite dangerous; 26% risk of failure)
Press: ? - help, Dir - move target, f - Sigmund
Aim: Sigmund, wielding a +0 scythe and wearing a +0 robe (asleep) Poisonous vapours surround Sigmund!
Sigmund is poisoned.
Sigmund shouts!
Casting: Poisonous Vapours (quite dangerous; 26% risk of failure)
Confirm with . or Enter, or press ? or * to list all spells.
Aiming: Poisonous Vapours (quite dangerous; 26% risk of failure)
Press: ? - help, Dir - move target, f/p - Sigmund
Aim: Sigmund, wielding a +0 scythe and wearing a +0 robe (lightly wounded, poisoned) Poisonous vapours surround Sigmund!
Sigmund looks even sicker.
Sigmund hits you from afar with a +0 scythe.
Sigmund casts a spell at you. The puff of flame hits you!
Casting: Poisonous Vapours (quite dangerous; 26% risk of failure)
Confirm with . or Enter, or press ? or * to list all spells.
Aiming: Poisonous Vapours (quite dangerous; 26% risk of failure)
Press: ? - help, Dir - move target, f/p - Sigmund
Aim: Sigmund, wielding a +0 scythe and wearing a +0 robe (lightly wounded, very poisoned)
You miscast Poisonous Vapours.
You are very lightly contaminated with residual magic.
Nothing appears to happen.
Sigmund attacks as he pursues you!
Sigmund hits you from afar with a +0 scythe!
* * * LOW HITPOINT WARNING * * *
Aiming: Quicksilver Bolt
Press: ? - help, Shift-Dir - straight line, f/p - Sigmund
Aim: Sigmund, wielding a +0 scythe and wearing a +0 robe (lightly wounded, poisoned, 68% to hit)
The bolt of dispelling energy hits Sigmund!
Sigmund is severely wounded.
Sigmund asks, "Do you like me?" Sigmund casts a spell at you.
The puff of flame hits you!
You die...
Sigmund begins carving another notch in his scythe.

#######># #######.....##
#.%.....# #......#...##
#.####..# #.####.##### #.#
#..# #. #.# #.# #..# #.#
#.######### #)# #..####.##
#.......... #####.#
#........########.####
#.....# ##.####...........#
#.#########@.........#######
#.# #........#.....#.####
#.# #.#####..............#
#.# #@.#[....#.###.. #.#
#..##...##.# #.#
#..##...##.# #.#
#..........# #.#
#.###...#### #.## #.. .#.##


You could see Sigmund (poisoned).

Vanquished Creatures
  2 adders (D:2)
  3 worms (D:2)
  6 giant cockroaches
  2 goblins (D:2)
  A hobgoblin (D:2)
  3 jackals (D:1)
  6 kobolds
  2 quokkas
  4 ball pythons (D:1)
  2 bats
  A frilled lizard (D:1)
  8 rats
40 creatures vanquished.

Notes
Turn   | Place    | Note
-------+----------+-------------------------------------------
     0 | D:1      | night the Demonspawn Earth Elementalist began the quest for
                  | the Orb.
     0 | D:1      | Reached XP level 1. HP: 13/13 MP: 3/3
   290 | D:1      | Gained mutation: You sometimes gain a little power by
                  | taking damage. [demonic ancestry]
   290 | D:1      | Reached XP level 2. HP: 20/20 MP: 1/5
   379 | D:1      | Reached skill level 1 in Fighting
   469 | D:1      | Reached skill level 3 in Earth Magic
  1125 | D:2      | Found a faded altar of an unknown god.
  1134 | D:2      | Prayed at the altar of an unknown god.
  1134 | D:2      | Became a worshipper of Vehumet
  1134 | D:2      | Reached * piety under Vehumet
  1134 | D:2      | Offered knowledge of Foxfire by Vehumet.
  1179 | D:2      | Reached XP level 3. HP: 22/26 MP: 2/6
  1228 | D:2      | Found Dolawkis's Armour Boutique.
  1821 | D:2      | HP: 1/27 [worm (11)]
  1847 | D:2      | Learned a level 3 spell: Stone Arrow
  2360 | D:3      | Found a runed translucent gate.
  2360 | D:3      | Found a runed translucent gate.
  2361 | D:3      | Found a runed translucent gate.
  2364 | D:3      | Noticed hackum's ghost (amateur DgGl)
  2364 | D:3      | Noticed a kobold brigand
  2392 | D:3      | Found Bismuomm's Armour Emporium.
  2454 | D:3      | Offered knowledge of Poisonous Vapours by Vehumet.
  2458 | D:3      | Learned a level 2 spell: Poisonous Vapours
  2669 | D:3      | Noticed Sigmund
  2679 | D:3      | Killed from afar by Sigmund

Illustrated notes

Levels and vault maps discovered:
D:1:      minmay_arrival_cross, layout_loops_ring, minmay_pentomino_s4
D:2:      layout_basic, basic_ecumenical_altar, serial_shops, shop
D:3:      layout_loops_ring, gammafunk_ghost_nasty_kobolds, serial_shops,
          nicolae_shop_stone, minmay_circle_x, uniq_sigmund

Skill      XL: |  1  2 |
---------------+-------+-----
Fighting       | 1 |  1.9
Earth Magic    | 3 |  3.3
Dodging        | |  1.7
Stealth        | |  1.7
Spellcasting   | |  2.7
Conjurations   | |  0.2
Transmutations | |  0.8

Action                     || total
---------------------------++-------
  Melee: Quarterstaff      ||     4
   Cast: Sandblast         ||    65
         Poisonous Vapours ||     3
  Evoke: Wand              ||     1
 Armour: Robe              ||    19
  Dodge: Dodged            ||    11

Table legend: (Time is in decaauts)
 A = Elapsed time spent in this place.
 B = Non-inter-level travel time spent in this place.
 C = Inter-level travel time spent in this place.
 D = Time resting spent in this place.
 E = Time spent auto-exploring this place.
 F = Levels seen in this place.
 G = Mean time per level.
                   A        B        C        D        E       F      G
               +--------+--------+--------+--------+--------+-----+--------+
         Total |   2711 |   2608 |    103 |    167 |   2107 |   3 |  903.7 |
       Dungeon |   2711 |   2608 |    103 |    167 |   2107 |   3 |  903.7 |
               +--------+--------+--------+--------+--------+-----+--------+

Top non-repeatable levels by time:
     D:2: 1191 daAuts
     D:1: 1112 daAuts
     D:3: 408 daAuts
